AoeStats
← eL| Barry_Allen

African Clearing

506797366Analyzed
4v4 RM · 18d ago on Sep 15, 2026· 37m 40s· 8 players
Game mode
Random Map
Map size
Large (8 player)
Population
200
Speed
Normal
Resources
Standard
Victory
Conquest
Starting age
Dark Age
Ending age
Imperial Age
RankedLock teamsTeams togetherTeam positionsShared explorationLock speedFull tech treeHidden civsTurbo modeCheats
Victory
Defeat
🇲🇽 Gurjaras · Mexico
1899
+15
🇲🇽 Vikings · Mexico
1766
+20
🇨🇿 Koreans · Czechia
1732
+21
🇲🇽 Khmer · Mexico
1692
+23
🇦🇷 Teutons · Argentina
1888
-21
🇦🇷 Huns · Argentina
1863
-20
🇵🇪 Malians · Peru
1848
-19
🇲🇽 Celts · Mexico
1836
-19
eL| Barry_Allen
12:48 Feudal Age
13:16 Loom
17:10 Castle Age
15:33 Fletching
16:20 Double-Bit Axe
17:58 Crossbowman
21:44 Bodkin Arrow
23:35 Padded Archer Armor
24:46 Leather Archer Armor
24:44 Bow Saw
25:51 Ballistics
31:09 Man-at-Arms
31:34 Gambesons
31:50 Squires
35:23 Imperial Age
33:11 Scale Mail Armor
34:13 Long Swordsman
34:13 Pikeman
34:38 Arson
35:35 Two-Handed Swordsman
37:34 Chain Mail Armor
Christheco
6:54 Loom
12:15 Feudal Age
16:15 Castle Age
15:03 Double-Bit Axe
14:58 Horse Collar
18:58 Bow Saw
18:48 Heavy Plow
23:11 Wheelbarrow
25:02 Gold Mining
25:05 Stone Mining
27:15 Hand Cart
30:51 Imperial Age
28:16 Town Watch
28:25 Fletching
29:19 Hand Cart
29:43 Bodkin Arrow
30:09 Ballistics
30:18 Eupseong
32:07 Conscription
32:53 Chemistry
32:51 Elite War Wagon
34:16 Bracer
34:29 Masonry
MrOsoVC8
9:02 Loom
11:40 Feudal Age
12:31 Double-Bit Axe
15:46 Fletching
18:38 Horse Collar
26:53 Castle Age
26:57 Crossbowman
27:33 Bodkin Arrow
28:38 Bow Saw
30:16 Wheelbarrow
29:27 Town Watch
32:43 Ballistics
38:46 Imperial Age
36:05 Elite Skirmisher
37:23 Padded Archer Armor
Jack :)
3:41 Loom
12:28 Feudal Age
29:28 Castle Age
30:44 Double-Bit Axe
33:07 Wheelbarrow
34:42 Fletching
37:50 Bow Saw
Zoschenko
12:05 Loom
14:14 Feudal Age
15:50 Double-Bit Axe
18:24 Castle Age
18:16 Fishing Lines
19:20 Bow Saw
21:44 Loom
21:47 Horse Collar
26:10 Wheelbarrow
25:36 Gold Mining
25:49 Gillnets
26:17 Heavy Plow
27:11 Stone Mining
28:06 Hand Cart
28:00 Scale Mail Armor
30:00 Scale Mail Armor
30:11 Forging
32:47 Imperial Age
31:19 Gold Shaft Mining
31:20 Stone Shaft Mining
31:06 Chain Mail Armor
32:27 Fletching
34:14 Plate Mail Armor
34:21 Iron Casting
33:43 Bodkin Arrow
33:18 Capped Ram
36:36 Furor Celtica
36:24 Onager
38:45 Chemistry
Cona de Élite
12:49 Feudal Age
12:05 Loom
13:47 Double-Bit Axe
16:37 Castle Age
16:06 Fletching
17:24 Bodkin Arrow
23:49 Padded Archer Armor
30:05 Wheelbarrow
32:43 Scale Barding Armor
32:49 Forging
33:22 Marauders
33:45 Chain Barding Armor
33:58 Bloodlines
CL_lorecs
8:28 Loom
10:56 Feudal Age
11:47 Double-Bit Axe
18:03 Wheelbarrow
19:09 Forging
23:53 Bloodlines
25:27 Town Watch
30:33 Castle Age
28:34 Horse Collar
30:35 Scale Barding Armor
31:37 Chain Barding Armor
37:16 Bow Saw
37:09 Heavy Plow
Rodrixs
9:03 Loom
11:08 Feudal Age
12:02 Double-Bit Axe
15:29 Fletching
29:30 Castle Age
29:00 Horse Collar
29:11 Gold Mining
29:11 Stone Mining
30:11 Bodkin Arrow
31:01 Guard Tower
31:40 Crossbowman
33:38 Town Watch
34:41 Ballistics
Connection lost

Rejoining the realm…

Still unreachable

The connection could not be restored.

Session expired

The server has moved on; the page needs a fresh start.